 Dungeon Crawl Stone Soup version 0.27-a0-1525-g1038ab4fd7 (webtiles) character file.

Game seed: 1490906545803192058

743 unlimited1921 the Shield-Bearer (level 7, 0/54 HPs)
             Began as a Minotaur Fighter on July 9, 2021.
             Was an Initiate of Ashenzari.
             Slain by Pikel (2 damage)
             ... on level 5 of the Dungeon on July 11, 2021.
             The game lasted 01:14:23 (5980 turns).

unlimited1921 the Shield-Bearer (Minotaur Fighter)  Turns: 5980, Time: 01:14:23

Health: 0/54       AC: 12    Str: 23      XL:     7   Next: 47%
Magic:  6/6        EV:  5    Int:  5      God:    Ashenzari [......]
Gold:   275        SH: 10    Dex:  8 (9)  Spells: 6/6 levels left

rFire    . . .     SeeInvis .   C - +5 flail (protect)
rCold    . . .     Faith    .   c - +0 kite shield
rNeg     . . .     Spirit   .   o - +0 plate armour
rPois    .         Reflect  .   (helmet restricted)
rElec    .         Harm     .   (no cloak)
rCorr    .         Rampage  .   (no gloves)
Will     .....                  (no boots)
Stlth    ..........             (no amulet)
HPRegen  0.18/turn              (no ring)
MPRegen  0.10/turn              (no ring)

@: flying, slow
A: reduced essence, horns 2, retaliatory headbutt
a: Renounce Religion


You were on level 5 of the Dungeon.
You worshipped Ashenzari.
Ashenzari was noncommittal.
You visited 2 branches of the dungeon, and saw 7 of its levels.

You collected 275 gold pieces.

Inventory:

Hand Weapons
 a - a +1 vampiric short sword
 g - a +0 spear
 q - a +0 hunting sling
 r - a +1 short sword of freezing
 w - a +2 hand axe of venom
 y - a +5 scimitar
 C - a +5 flail of protection (weapon)
Missiles
 f - 69 arrows
 h - 74 bolts
 i - 33 poisoned darts
 j - 102 stones
 A - 5 large rocks
 E - 5 silver boomerangs
Armour
 b - a +0 scale mail
 c - a +0 kite shield (worn)
 m - a +0 ring mail
 o - a +0 plate armour (worn)
Wands
 v - a wand of charming (1)
 x - a wand of acid (11)
Scrolls
 e - 2 scrolls of fog
 k - 4 scrolls of magic mapping
 l - a scroll of enchant weapon
 s - a scroll of amnesia
 u - a scroll of teleportation
 D - a scroll of acquirement
Potions
 d - a potion of might
 n - 2 potions of flight
 p - a potion of ambrosia
 t - a potion of mutation
 z - a potion of lignification
 B - a potion of attraction
 F - a potion of haste
 G - 3 potions of brilliance
 H - a potion of curing


   Skills:
 + Level 5.2 Fighting
 + Level 4.0 Long Blades
 + Level 4.5(4.6) Axes
 + Level 1.1(3.1) Maces & Flails
 + Level 0.2 Throwing
 + Level 5.3 Armour
 * Level 2.8 Dodging
 + Level 5.6 Shields
 + Level 0.2 Evocations


You had 6 spell levels left.
You didn't know any spells.
Your spell library contained the following spells:

 Spells                   Type           Power      Damage    Failure   Level
 Blink                    Tloc           N/A        N/A       100%        2
 Frozen Ramparts          Ice            0%         1d2       100%        3
 Lesser Beckoning         Tloc           0%         N/A       100%        3
 Ice Form                 Ice/Tmut       0%         N/A       100%        4
 Summon Ice Beast         Ice/Summ       0%         N/A       100%        4
 Summon Lightning Spire   Summ/Air       0%         N/A       100%        4
 Alistair's Intoxication  Tmut/Pois      0%         N/A       100%        5
 Borgnjor's Vile Clutch   Necr/Erth      0%         N/A       100%        5
 Manifold Assault         Tloc           0%         N/A       100%        5
 Eringya's Noxious Bog    Tmut/Pois      0%         N/A       100%        6
 Storm Form               Tmut/Air       0%         N/A       100%        7
 Maxwell's Capacitive Co  Air            0%         ∞         100%        8


Dungeon Overview and Level Annotations

Branches:
Dungeon (6/15)             Temple (1/1) D:5

Altars:
Ashenzari
Cheibriados
Dithmenos
Elyvilon
Fedhas
Gozag
Hepliaklqana
Kikubaaqudgha
Makhleb
Nemelex Xobeh
Okawaru
Qazlal
Ru
Sif Muna
Trog
Uskayaw
Vehumet
Wu Jian
Xom
Yredelemnul
Zin
The Shining One

Shops:
D:2 *

Annotations:
D:5 Pikel


Innate Abilities, Weirdness & Mutations

Your life essence is reduced to manifest your ancestor. (-10% HP)
You have a pair of horns on your head.
You reflexively headbutt those who attack you in melee.


Message History

Pikel waves his whip at you.
Pikel says, "You'll rust in Dis!"
You block Pikel's attack. Pikel hits you but does no damage.
You block Pikel's attack.
Pikel hits you with a +2 whip of freezing.
* * * LOW HITPOINT WARNING * * *
Pikel freezes you.
* * * LOW HITPOINT WARNING * * *
You block Pikel's attack.
Pikel says, "Antaeus said I was his favorite kobold.
Me!"
Pikel hits you but does no damage. You block Pikel's attack.
Pikel waves his whip at you.
Pikel hits you with a +2 whip of freezing.
* * * LOW HITPOINT WARNING * * *
Pikel freezes you.
* * * LOW HITPOINT WARNING * * *
Pikel hits you with a +2 whip of freezing.
* * * LOW HITPOINT WARNING * * *
Pikel freezes you.
* * * LOW HITPOINT WARNING * * *
Pikel says, "You'll feel the lick of my whip!"
Pikel hits you but does no damage. Pikel hits you but does no damage.
You feel very buoyant.
You fly up into the air.
Pikel completely misses you.
Pikel hits you with a +2 whip of freezing.
* * * LOW HITPOINT WARNING * * *
Pikel freezes you.
* * * LOW HITPOINT WARNING * * *
Pikel hits you with a +2 whip of freezing.
* * * LOW HITPOINT WARNING * * *
Pikel freezes you.
* * * LOW HITPOINT WARNING * * *
You block Pikel's attack.
Pikel hits you with a +2 whip of freezing.
* * * LOW HITPOINT WARNING * * *
Pikel freezes you.
You die...

.........#
.........############
....................#
....................#
#######.............#
#.............#
#.............#
#.............#
#........K@...#
#.....##......#
###.....##......#
#...............#
#....#..........#
#####.....#....######
...............#
#......#.##.####
#.....#..##.#


You could see Pikel.

Vanquished Creatures
  Edmund (D:4)
  A water moccasin (D:6)
  An ogre (D:6)
  A necrophage (D:5)
  2 lemures (D:6)
  2 scorpions
  3 wights (D:6)
  5 hounds
  4 iguanas
  An orc wizard (D:4)
  3 gnolls (D:3)
  A howler monkey skeleton (D:5)
  7 adders
  A shadow imp (D:5)
  An ufetubus (D:6)
  2 worms (D:2)
  4 dart slugs
  7 orcs
  6 ball pythons
  6 endoplasms
  2 giant cockroaches
  5 goblins
  3 hobgoblins (D:1)
  6 jackals
  6 kobolds
  2 quokkas (D:1)
  11 bats
  2 frilled lizards
  6 rats
102 creatures vanquished.

Vanquished Creatures (collateral kills)
  An orc wizard (D:6)
  An orc (D:6)
2 creatures vanquished.

Vanquished Creatures (others)
  A necrophage (D:6)
  A lemure (D:6)
  An orc (D:6)
3 creatures vanquished.

Grand Total: 107 creatures vanquished

Notes
Turn   | Place    | Note
-------+----------+-------------------------------------------
     0 | D:1      | unlimited1921 the Minotaur Fighter began the quest for the
                  | Orb.
     0 | D:1      | Reached XP level 1. HP: 19/19 MP: 0/0
   234 | D:1      | Upgraded the game from 0.27-a0-1513-g2aaa0cc67b to
                  | 0.27-a0-1525-g1038ab4fd7
   245 | D:1      | Reached XP level 2. HP: 27/27 MP: 1/1
   776 | D:1      | Reached XP level 3. HP: 33/33 MP: 2/2
  1542 | D:2      | Reached XP level 4. HP: 40/40 MP: 3/3
  1910 | D:2      | Found Apolle Anka's Assorted Antiques.
  2250 | D:3      | Noticed a scorpion
  2256 | D:3      | Killed a scorpion
  2257 | D:3      | Reached XP level 5. HP: 43/47 MP: 4/4
  2272 | D:3      | Reached skill level 1 in Axes
  3165 | D:4      | Noticed Edmund
  3179 | D:4      | Killed Edmund
  3180 | D:4      | Reached XP level 6. HP: 38/53 MP: 5/5
  3436 | D:4      | Reached skill level 5 in Armour
  3759 | D:4      | Identified a scroll of acquirement
  3827 | D:5      | Entered Level 5 of the Dungeon
  3887 | D:5      | Reached skill level 5 in Shields
  3887 | D:5      | Reached XP level 7. HP: 52/60 MP: 6/6
  4038 | D:5      | Found a staircase to the Ecumenical Temple.
  4178 | D:5      | Found a snail-covered altar of Cheibriados.
  4186 | D:5      | Became a worshipper of Cheibriados the Contemplative
  4216 | D:5      | Found a glowing drain.
  4410 | D:5      | Reached skill level 5 in Fighting
  4450 | D:5      | Reached skill level 1 in Maces & Flails
  4765 | Temple   | Entered the Ecumenical Temple
  4922 | Temple   | Fell from the grace of Cheibriados
  4922 | Temple   | Became a worshipper of Ashenzari the Shackled
  5030 | Temple   | Fell from the grace of Ashenzari
  5030 | Temple   | Became a worshipper of Hepliaklqana the Forgotten
  5071 | Temple   | Fell from the grace of Hepliaklqana
  5071 | Temple   | Became a worshipper of Ashenzari the Shackled
  5808 | D:6      | Noticed Pikel
  5980 | D:5      | HP: 2/54 [Pikel (4)]
  5980 | D:5      | Slain by Pikel

Illustrated notes

Levels and vault maps discovered:
D:1:      dpeg_arrival_erosion, layout_basic, hangedman_decor_slide_cut
D:2:      layout_basic, serial_shops, shop_statue
D:3:      layout_loops_ring
D:4:      layout_cave_pools, uniq_edmund
D:5:      layout_basic, lemuel_coloured_pillars_altar,
          minmay_temple_entry_glass, portal_sewer_entry_d,
          hangedman_abyss_or_decor_lesser_grid, kennysheep_small_circle
D:6:      layout_basic, uniq_pikel
Temple:   nicolae_temple_the_god_donut

Skill      XL: |  1  2  3  4  5  6  7 |
---------------+----------------------+-----
Shields        | 4 5 |  5.6
Armour         | 4 5 |  5.3
Fighting       | 4 5 |  5.2
Long Blades    | 3 4 |  4.0
Dodging        | 2 |  2.8
Axes           | 3 4 |  4.5
Maces & Flails | 1 |  1.1
Throwing       | |  0.2
Evocations     | |  0.2

Action                   |  1- 3 |  4- 6 |  7- 9 || total
-------------------------+-------+-------+-------++-------
Melee: Long sword        |   118 |     2 |       ||   120
       Headbutt          |    12 |    12 |    10 ||    34
       Hand axe          |       |    54 |       ||    54
       Flail             |       |    28 |    81 ||   109
Throw: Dart              |     5 |       |       ||     5
Invok: Bend Time         |       |       |     1 ||     1
Evoke: Wand              |       |     4 |     6 ||    10
  Use: Scroll            |     4 |     5 |     2 ||    11
       Potion            |     1 |       |     2 ||     3
Armor: Scale mail        |    64 |     1 |       ||    65
       Plate armour      |       |    46 |    63 ||   109
Dodge: Dodged            |    36 |    26 |    26 ||    88
Block: Kite shield       |    60 |    45 |    60 ||   165
       Rpst.: Long sword |     4 |       |       ||     4

Table legend: (Time is in decaauts)
 A = Elapsed time spent in this place.
 B = Non-inter-level travel time spent in this place.
 C = Inter-level travel time spent in this place.
 D = Time resting spent in this place.
 E = Time spent auto-exploring this place.
 F = Levels seen in this place.
 G = Mean time per level.
                   A        B        C        D        E       F      G
               +--------+--------+--------+--------+--------+-----+--------+
         Total |   6475 |   2079 |   4396 |   1021 |      0 |   7 |  925.0 |
       Dungeon |   6068 |   2069 |   3999 |   1021 |      0 |   6 | 1011.3 |
        Temple |    407 |     11 |    396 |      0 |      0 |   1 |  407.0 |
               +--------+--------+--------+--------+--------+-----+--------+

Top non-repeatable levels by time:
     D:5: 1457 daAuts
     D:2: 1235 daAuts
     D:1: 1058 daAuts
     D:3: 881 daAuts
     D:4: 741 daAuts
     D:6: 692 daAuts
  Temple: 407 daAuts
